 Dungeon Crawl Stone Soup version 0.29.1-15-g9cfb28693d (webtiles) character file.

Game seed: 1492118250088104510

214 Peloso the Slasher (level 5, -5/47 HPs)
             Began as a Minotaur Fighter on Feb 26, 2023.
             Slain by an orc
             ... wielding a +0 trident
              (7 damage)
             ... on level 3 of the Dungeon.
             The game lasted 00:03:55 (1744 turns).

Peloso the Slasher (Minotaur Fighter)               Turns: 1744, Time: 00:03:56

Health: -5/47      AC:  7    Str: 18 (20) XL:     5   Next: 59%
Magic:  4/4        EV:  9    Int:  2 (5)  God:
Gold:   69         SH:  5    Dex: 11 (12) Spells: 4/4 levels left

rFire   . . .      SeeInvis .   a - +0 long sword
rCold   . . .      Faith    .   c - +0 buckler
rNeg    . . .      Spirit   .   b - +0 scale mail
rPois   .          Reflect  .   (helmet restricted)
rElec   .          Harm     .   (no cloak)
rCorr   .          Rampage  .   (no gloves)
Will    .....                   (no boots)
Stlth   ..........              (no amulet)
HPRegen 0.15/turn               (no ring)
MPRegen 0.09/turn               (no ring)

@: flying
A: horns 2, retaliatory headbutt
a: no special abilities


You were on level 3 of the Dungeon.
You visited 1 branch of the dungeon, and saw 3 of its levels.

You collected 69 gold pieces.

Inventory:

Hand Weapons
 a - a +0 long sword (weapon)
Armour
 b - a +0 scale mail (worn)
 c - a +0 buckler (worn)
Scrolls
 i - a scroll of noise
Potions
 d - a potion of might
 e - a potion of flight
 j - a potion of haste


   Skills:
 + Level 4.8 Fighting
 + Level 4.9 Long Blades
 + Level 4.3 Armour
 + Level 0.8 Dodging
 + Level 4.6 Shields


You had 4 spell levels left.
You didn't know any spells.
Your spell library contained the following spells:

 Spells                   Type           Power      Damage    Failure   Level
 Apportation              Tloc           0%         N/A       95%         1
 Sublimation of Blood     Necr           0%         N/A       98%         2
 Wereblood                Tmut           0%         N/A       98%         2
 Olgreb's Toxic Radiance  Pois           0%         N/A       100%        4
 Ozocubu's Refrigeration  Ice            0%         4d7       100%        7
 Summon Hydra             Summ           0%         N/A       100%        7
 Ignition                 Fire           0%         3d3       100%        8


Dungeon Overview and Level Annotations

Branches:
Dungeon (3/15)

Altars:


Innate Abilities, Weirdness & Mutations

You have a pair of horns on your head.
You reflexively headbutt those who attack you in melee.


Message History

Your surroundings seem slightly different.
The rat twitches its whiskers.
The rat barely misses you. You furiously retaliate!
You headbutt the rat.
You kill the rat!
An orc comes into view. It is wielding a +0 trident.
The orc moves out of view.
Found a fuming purple potion.
You see here a fuming purple potion.
f - a fuming purple potion It was a potion of degeneration.
There was something very wrong with that liquid.
You feel weakened.
You feel dopey.
You feel clumsy.
You hit the orc. Your headbutt misses the orc.
The orc is heavily wounded.
You block the orc's attack.
Unknown command.
You closely miss the orc.
The orc is heavily wounded.
The orc closely misses you. You block the orc's attack.
The dart slug briefly extends its eye-stalks.
The orc hits you from afar with a +0 trident.
* * * LOW HITPOINT WARNING * * *
The orc hits you with a +0 dagger.
* * * LOW HITPOINT WARNING * * *
You hit the orc.
You kill the orc!
The orc misses you.
Unknown command.
The orc hits you but does no damage.
Unknown command.
You hit the orc but do no damage. Your headbutt misses the orc.
The orc barely misses you.
You barely miss the orc. The dart slug barely misses you.
You furiously retaliate!
You headbutt the dart slug. The orc hits you with a +0 trident.
* * * LOW HITPOINT WARNING * * *
You hit the orc. You headbutt the orc.
The orc is heavily wounded.
The orc hits you with a +0 trident!
You die...

...!.....#.##
#.####...#.#
....#.....#
#........# #..
#.......##....
#............#
#..........###
#..wo...####
#.)@....#
#.......#
#.......#
#.......#
#########


You could see a dart slug and an orc.

Vanquished Creatures
  Jessica (D:2)
  An orc wizard (D:3)
  Natasha (thrice) (D:2)
  An adder (D:2)
  2 worms (D:2)
  A dart slug (D:2)
  5 orcs (D:3)
  7 endoplasms
  4 giant cockroaches
  6 hobgoblins
  3 jackals (D:1)
  8 kobolds
  4 quokkas (D:1)
  5 ball pythons
  3 bats
  2 frilled lizards (D:1)
  7 goblins
  6 rats
69 creatures vanquished.

Vanquished Creatures (others)
  An orc (D:3)
  A plant (D:1)
2 creatures vanquished.

Grand Total: 71 creatures vanquished

Notes
Turn   | Place    | Note
-------+----------+-------------------------------------------
     0 | D:1      | Peloso the Minotaur Fighter began the quest for the Orb.
     0 | D:1      | Reached XP level 1. HP: 19/19 MP: 0/0
   183 | D:1      | Reached XP level 2. HP: 23/27 MP: 1/1
   406 | D:1      | Found a faded altar of an unknown god.
   440 | D:1      | Got Plato's Parchment of the Map
   511 | D:1      | Reached XP level 3. HP: 29/33 MP: 2/2
   838 | D:2      | Noticed Jessica
   839 | D:2      | Noticed Natasha
   884 | D:2      | Killed Natasha
   889 | D:2      | Killed Jessica
   890 | D:2      | Reached XP level 4. HP: 13/41 MP: 3/3
  1197 | D:2      | Identified the -2 helmet "Rummis" {rF+ Regen+}
  1441 | D:2      | Noticed Natasha
  1448 | D:2      | Killed Natasha
  1449 | D:2      | Reached XP level 5. HP: 45/47 MP: 4/4
  1537 | D:2      | Noticed Natasha
  1547 | D:2      | Killed Natasha
  1743 | D:3      | HP: 1/47 [orc/+0 trident (4)]
  1744 | D:3      | Slain by an orc

Illustrated notes

Levels and vault maps discovered:
D:1:      minmay_arrival_wavy_path, layout_basic,
          shapermc_ecumenical_altar_rom_forum
D:2:      layout_rooms, uniq_natasha, uniq_jessica
D:3:      cheibrodos_pilgrimage, layout_rooms, cheibrodos_sewer_entry_bend,
          gammafunk_ghost_grave, nicolae_figureground_pulse, uniq_sigmund

Skill      XL: |  1  2  3  4 |
---------------+-------------+-----
Shields        | 4 |  4.6
Fighting       | 4 |  4.8
Long Blades    | 3 4 |  4.9
Armour         | 4 |  4.3
Dodging        | |  0.8

Action                   |  1- 3 |  4- 6 || total
-------------------------+-------+-------++-------
Melee: Long sword        |    79 |    83 ||   162
       Headbutt          |     4 |    14 ||    18
  Use: Potion            |     3 |     2 ||     5
       Scroll            |     1 |     4 ||     5
Armor: Scale mail        |    55 |    54 ||   109
Dodge: Dodged            |    76 |    43 ||   119
Block: Buckler           |    31 |    22 ||    53
